 Dungeon Crawl Stone Soup version 0.30-b1-2-g02819fbbbe (webtiles) character file.

Game seed: 17420880459666697511

11987 Arum the Fighter (level 12, -6/100 HPs)
             Began as a Formicid Fighter on May 12, 2023.
             Was the Champion of Dithmenos.
             Mangled by a shadow (9 damage)
             ... on level 12 of the Dungeon.
             The game lasted 00:23:11 (13050 turns).

Arum the Fighter (Formicid Fighter)                Turns: 13050, Time: 00:23:12

Health: -6/100     AC: 25    Str: 32    XL:     12   Next: 14%
Magic:  12/12      EV: 12    Int:  8    God:    Dithmenos [******]
Gold:   472        SH:  6    Dex: 13    Spells: 11/11 levels left

rFire   . . .        a - +1 quarterstaff (protect)
rCold   . . .        c - +0 buckler
rNeg    . . .        G - +0 plate armour
rPois   .            (helmet unavailable)
rElec   .            A - +0 cloak
rCorr   .            (no gloves)
SInv    +            e - +2 pair of slick slippers {slick, slippery, EV+4}
Will    +....        r - amulet of faith Stlth
                     C - +6 ring of strength
HPRegen 0.36/turn    (no ring)
MPRegen 0.13/turn

%: faith
@: lethally poisoned (-6 -> -23), under a protective aura, wreathed by umbra
A: permanent stasis, dig shafts and tunnels, antennae 3, four strong arms
a: Dig, Shaft Self, Renounce Religion, Shadow Step, Shadow Form


You were on level 12 of the Dungeon.
You worshipped Dithmenos.
Dithmenos was exalted by your worship.
You visited 1 branch of the dungeon, and saw 12 of its levels.
You also visited: Sewer.

You collected 502 gold pieces.
You spent 30 gold pieces at shops.

Inventory:

Hand Weapons
 a - a +1 quarterstaff of protection (weapon)
Missiles
 g - 2 javelins
Armour
 c - a +0 buckler (worn)
 e - the +2 pair of slick slippers (worn) {slick, slippery, EV+4}
   (You acquired it on level 7 of the Dungeon)

   Slick:     Its wearer cannot be constricted, engulfed, netted or webbed.
   Slippery:  Its wearer slips away from damaging melee attacks, pulling the
   attacker onward.
   EV:        It affects your evasion (+4).
 x - a +2 pair of boots of rampaging
 A - a +0 cloak (worn)
 G - a +0 plate armour (worn)
Jewellery
 r - an amulet of faith (around neck)
 C - a +6 ring of strength (left hand)
Wands
 k - a wand of flame (28)
 m - a wand of charming (14)
 t - a wand of polymorph (10)
Scrolls
 b - a scroll of identify
 p - a scroll of silence
 w - a scroll of enchant armour
 y - a scroll of enchant weapon
 z - a scroll of brand weapon
 B - a scroll of fog
 E - a scroll of poison
 F - a scroll of torment {unknown}
Potions
 d - 3 potions of might
 f - a potion of resistance
 h - 2 potions of curing
 i - 2 potions of ambrosia
 j - 2 potions of mutation
 l - 2 potions of flight
 n - 2 potions of brilliance
 o - 4 potions of attraction
 s - a potion of magic
 u - 2 potions of lignification
 v - 3 potions of invisibility
 D - a potion of cancellation {unknown}


   Skills:
 + Level 11.4 Fighting
 + Level 10.2 Staves
 + Level 11.4 Armour
 - Level 10.0 Shields


You had 11 spell levels left.
You didn't know any spells.
Your spell library contained the following spells:

 Spells                   Type           Power      Damage    Failure   Level
 Freeze                   Ice            0%         1d3       96%         1
 Magic Dart               Conj           0%         1d3       96%         1
 Sandblast                Erth           0%         2d4       96%         1
 Shock                    Conj/Air       0%         1d3       96%         1
 Cigotuvi's Dreadful Rot  Necr/Pois/Air  0%         N/A       99%         2
 Ensorcelled Hibernation  Hex/Ice        0%         N/A       99%         2
 Passwall                 Tmut/Erth      0%         N/A       99%         2
 Poisonous Vapours        Pois/Air       0%         N/A       99%         2
 Searing Ray              Conj           0%         2d4       99%         2
 Sublimation of Blood     Necr           0%         N/A       99%         2
 Wereblood                Tmut           0%         N/A       99%         2
 Frozen Ramparts          Ice            0%         1d1       100%        3
 Hailstorm                Conj/Ice       0%         3d3       100%        3
 Tukima's Dance           Hex            0%         N/A       100%        3
 Dispel Undead            Necr           0%         3d6       100%        4
 Fulminant Prism          Conj/Hex       0%         3d5       100%        4
 Passage of Golubria      Tloc           0%         N/A       100%        4
 Fireball                 Conj/Fire      0%         3d3       100%        5
 Iskenderun's Battlesphe  Conj           0%         2d6       100%        5
 Yara's Violent Unravell  Hex/Tmut       0%         3d3       100%        5
 Conjure Ball Lightning   Conj/Air       0%         3x3d6     100%        6
 Death Channel            Necr           0%         N/A       100%        6
 Orb of Destruction       Conj           0%         9d5       100%        7
 Summon Hydra             Summ           0%         N/A       100%        7
 Swiftness                Air            Unusable   N/A       N/A         3

Dungeon Overview and Level Annotations

Branches:
Dungeon (12/15)            Temple (0/1) D:6            Lair (0/5) D:11
    Orc (0/2) D:11          Sewer (visited)

Altars:
Cheibriados
Dithmenos
Elyvilon
Fedhas
Gozag
Hepliaklqana
Kikubaaqudgha
Okawaru
Qazlal
Ru
Sif Muna
Trog
Vehumet
Wu Jian
Xom
The Shining One

Shops:
D:1 !   D:10 *

Annotations:
D:11 exclusion: 2 oklob plants


Innate Abilities, Weirdness & Mutations

You cannot be hasted, slowed, berserked, paralysed or teleported.
You can dig through walls and to a lower floor.
You have a pair of large antennae on your head. (SInv)
Your four strong arms can wield two-handed weapons with a shield.


Message History

You slip backwards!
Aiming: Polymorph
Press: ? - help, Shift-Dir - straight line, f/p - tengu warrior
Aim: a tengu warrior, wielding a +0 great sword of protection, wearing a +0 leather armour and wearing the ring "Afrowuat" {rElec rF+ rN+} (heavily wounded, umbra, will become a shining eye, a death drake, or an eye of devastation, chance to affect: 31%)
The tengu warrior easily resists.
The tengu warrior hits you with a +0 great sword of protection.
* * * LOW HITPOINT WARNING * * *
You slip backwards!
Aiming: Polymorph
Press: ? - help, Shift-Dir - straight line, f/p - tengu warrior
Aim: a tengu warrior, wielding a +0 great sword of protection, wearing a +0 leather armour and wearing the ring "Afrowuat" {rElec rF+ rN+} (heavily wounded, umbra, will become a shining eye, a death drake, or an eye of devastation, chance to affect: 31%)
The tengu warrior evaporates and reforms as a death drake!
An unseen horror comes into view.
The boulder beetle leaps!
The death drake barely misses you.
The unseen horror moves out of view.
You barely miss the death drake.
The death drake is heavily wounded.
The shadow slips into darkness.
The shadow flickers and vanishes for a moment.
The boulder beetle curls into a ball and begins rolling!
The death drake bites you.
* * * LOW HITPOINT WARNING * * *
You slip backwards!
Found 16 gold pieces.
You hit the death drake but do no damage.
Your weapon exudes an aura of protection.
The death drake is heavily wounded.
Your shadow misses the death drake. The death drake breathes miasma at you.
The foul vapour misses you.
Unknown command.
You are engulfed in dark miasma.
You are lethally poisoned!
* * * LOW HITPOINT WARNING * * *
x2 You feel very sick.
You feel better.
You are engulfed in dark miasma.
You are lethally poisoned!
* * * LOW HITPOINT WARNING * * *
x2 You feel very sick.
The shadow hits you!
You die...

#.....# #.....#
#.....# #.....# #
#.....#
##.####.....
#....°°k#°########
#..@W°).B.#...#
#...###°###°°°..#
#$. ..○°.##....#
... #.......##...#
.##
#...####..##..#
#..## .. ##.#..#
#.# ....###.## ..
#.......#
...##.#.#


You could see a death drake, a boulder beetle (rolling) and a shadow
(invisible).

Vanquished Creatures
  Erica (D:11)
  A two-headed ogre (D:10)
  Pikel (D:9)
  A gargoyle (D:10)
  Maurice (D:9)
  An unseen horror (D:12)
  Prince Ribbit (D:8)
  5 trolls
  6 slime creatures
  A vampire (D:11)
  2 wraiths
  A ynoxinul (D:8)
  A wyvern (D:8)
  A shadow (D:11)
  A steam dragon (D:8)
  4 vampire mosquitoes
  Edmund (D:5)
  4 water moccasins
  7 orc warriors
  3 ice beasts
  2 black bears
  2 sky beasts
  4 centaurs
  A lemure (D:9)
  A phantom (D:7)
  6 kobold brigands
  4 bullfrogs
  A gnoll sergeant (D:9)
  A scorpion (D:5)
  19 wights
  5 killer bees (D:11)
  A howler monkey (D:9)
  A hound (D:5)
  9 jellies
  3 gnoll boudas
  6 orc priests
  2 sleepcaps (D:7)
  13 orc wizards
  3 iguanas
  A statue (D:7)
  23 gnolls
  2 adders
  2 river rats (Sewer)
  2 white imps
  A worm (D:3)
  4 dart slugs
  43 orcs
  7 bats
  A bat zombie (D:6)
  20 endoplasms
  4 giant cockroaches
  3 hobgoblins
  20 jackals
  34 kobolds
  5 quokkas
  6 ball pythons
  10 frilled lizards
  4 goblins
  8 rats
  5 rat zombies (D:6)
333 creatures vanquished.

Vanquished Creatures (others)
  An endoplasm (D:9)
  8 fungi (D:9)
9 creatures vanquished.

Grand Total: 342 creatures vanquished

Notes
Turn   | Place    | Note
-------+----------+-------------------------------------------
     0 | D:1      | Arum the Formicid Fighter began the quest for the Orb.
     0 | D:1      | Reached XP level 1. HP: 18/18 MP: 1/1
    83 | D:1      | Found Yxipp's Distillery.
   118 | D:1      | Reached XP level 2. HP: 21/24 MP: 2/2
   343 | D:1      | Reached XP level 3. HP: 23/29 MP: 3/3
   667 | D:1      | Bought a potion of curing for 30 gold pieces
   732 | D:2      | Found a faded altar of an unknown god.
   744 | D:2      | Prayed at the altar of an unknown god.
   744 | D:2      | Became a worshipper of Dithmenos the Shadowed
   744 | D:2      | Reached * piety under Dithmenos
  1018 | D:2      | Found a hazy altar of Hepliaklqana.
  1129 | D:2      | Reached XP level 4. HP: 35/37 MP: 4/4
  1527 | D:3      | Reached ** piety under Dithmenos
  1535 | D:3      | Found a stormy altar of Qazlal.
  1535 | D:3      | Noticed a sky beast
  1587 | D:3      | Killed a sky beast
  1588 | D:3      | Reached XP level 5. HP: 13/43 MP: 5/5
  1904 | D:3      | Found a snail-covered altar of Cheibriados.
  1904 | D:3      | Found a white marble altar of Elyvilon.
  1905 | D:3      | Found an ornate altar of the Wu Jian Council.
  1957 | D:3      | Found a glowing drain.
  1973 | Sewer    | Entered a sewer
  1984 | Sewer    | Reached XP level 6. HP: 30/44 MP: 6/6
  2160 | Sewer    | Reached skill level 5 in Fighting
  2160 | Sewer    | Reached skill level 5 in Armour
  2350 | Sewer    | Found a white marble altar of Elyvilon.
  3169 | D:4      | Found a blossoming altar of Fedhas.
  3220 | D:4      | Reached XP level 7. HP: 56/56 MP: 7/7
  3323 | D:4      | Reached *** piety under Dithmenos
  3514 | D:4      | Found an iron altar of Okawaru.
  3514 | D:4      | Found a shimmering altar of Xom.
  3514 | D:4      | Found an opulent altar of Gozag.
  3515 | D:4      | Found a glowing golden altar of the Shining One.
  4022 | D:5      | Entered Level 5 of the Dungeon
  4228 | D:5      | You fall into a shaft and drop 2 floors!
  4752 | D:5      | Reached skill level 5 in Staves
  4855 | D:5      | Reached XP level 8. HP: 25/64 MP: 8/8
  5251 | D:5      | Reached **** piety under Dithmenos
  5252 | D:5      | Reached skill level 5 in Shields
  5363 | D:5      | Noticed Edmund
  5378 | D:5      | Killed Edmund
  5982 | D:6      | Found a staircase to the Ecumenical Temple.
  5995 | D:6      | Reached XP level 9. HP: 61/72 MP: 9/9
  6440 | D:6      | Reached ***** piety under Dithmenos
  7080 | D:6      | Found an ancient bone altar of Kikubaaqudgha.
  7413 | D:7      | Reached XP level 10. HP: 30/76 MP: 10/10
  7988 | D:7      | Found a radiant altar of Vehumet.
  8160 | D:7      | Identified a scroll of acquirement
  8160 | D:7      | Acquired the +2 pair of slick slippers {slick, slippery,
                  | EV+4}
  8160 | D:7      | Found the +2 pair of slick slippers {slick, slippery, EV+4}
  8344 | D:8      | Noticed Prince Ribbit
  8357 | D:8      | Killed Prince Ribbit
  8626 | D:8      | Found a bloodstained altar of Trog.
  8773 | D:8      | Found a shimmering blue altar of Sif Muna.
  8777 | D:8      | Got Sif Muna's Incunable of Austromancy and Metal
  9180 | D:9      | Reached ****** piety under Dithmenos
  9205 | D:9      | Reached XP level 11. HP: 27/89 MP: 11/11
  9593 | D:9      | Noticed Pikel
  9620 | D:9      | Killed Pikel
  9621 | D:9      | Reached skill level 10 in Shields
  9650 | D:9      | Noticed Maurice
  9664 | D:9      | Killed Maurice
  9665 | D:9      | Reached skill level 10 in Fighting
 10002 | D:9      | Reached skill level 10 in Armour
 10055 | D:9      | Identified the +0 leather armour of Joery {rC+ rCorr}
 10369 | D:10     | Entered Level 10 of the Dungeon
 10589 | D:10     | Found a sacrificial altar of Ru.
 10925 | D:10     | Found Kinekhlon's Overcharged Wands.
 10947 | D:10     | Noticed a two-headed ogre
 10968 | D:10     | Killed a two-headed ogre
 11395 | D:11     | Noticed Erica
 11408 | D:11     | Killed Erica
 12053 | D:11     | Noticed an oklob plant
 12058 | D:11     | Noticed an oklob plant
 12384 | D:11     | Found a staircase to the Orcish Mines.
 12556 | D:11     | Found a staircase to the Lair.
 12789 | D:12     | Reached skill level 10 in Staves
 12789 | D:12     | Reached XP level 12. HP: 82/100 MP: 12/12
 12995 | D:12     | Noticed a boulder beetle
 13005 | D:12     | Identified the ring "Afrowuat" {rElec rF+ rN+}
 13005 | D:12     | Noticed a tengu warrior
 13035 | D:12     | HP: 3/100 [tengu warrior/+0 great sword of protection (8)]
 13046 | D:12     | a tengu warrior changed into a death drake
 13046 | D:12     | Noticed a death drake
 13050 | D:12     | HP: 3/100 [poisoned by a death drake (dark miasma)]
 13050 | D:12     | Mangled by a shadow

Illustrated notes

Levels and vault maps discovered:
D:1:      sevenhm_arrival_forest_fort_small_4, layout_basic, serial_shops,
          nicolae_shop_advertising_works [nicolae_subvault_shop_adworks],
          minmay_small_reverse_x
D:2:      layout_basic, basic_altar, chequers_ecumenical_altar_simple,
          minmay_strange_pillars, st_stairs_8
D:3:      layout_basic, nicolae_qazlal_beasts_of_the_sky,
          gammafunk_temple_overflow_forgotten, portal_sewer_entry_a
D:4:      layout_loops_ring, fedhas_altar_1, minitemple
D:5:      layout_loops_corners, uniq_edmund
D:6:      layout_basic, lemuel_zombie_altar_kikubaaqudgha,
          minmay_temple_entry_grid
D:7:      layout_basic, vehumet_statue
D:8:      layout_cave_pools, nzn_overflow_gifts_of_might_and_magic,
          uniq_prince_ribbit1
D:9:      lemuel_slime, layout_loops_corners, eino_tiny_chamber, uniq_maurice,
          uniq_pikel
D:10:     layout_loops_ring, nicolae_overflow_hidden_temple,
          nicolae_shop_overcharged_wands
D:11:     layout_long_grid, dpeg_oklobed_lair, david_orc_4, uniq_erica
D:12:     minmay_the_grid_octo_tiled_octocenter [minmay_the_grid_octo_77,
          minmay_the_grid_octo_concentric, minmay_the_grid_octo_odd_swirl,
          minmay_the_grid_octo_tetromino_candy,
          minmay_the_grid_octo_prize_square_snowflake,
          minmay_the_grid_square_5x5_broken_cross,
          minmay_the_grid_square_5x5_bite, minmay_the_grid_square_5x5_tie,
          minmay_the_grid_square_5x5_bracketed], layout_rooms

Skill      XL: |  1  2  3  4  5  6  7  8  9 10 11 |
---------------+----------------------------------+-----
Fighting       | 4 5 6 7 8 9 11 | 11.4
Armour         | 4 5 6 7 8 9 11 | 11.4
Staves         | 3 4 5 6 7 8 10 | 10.2
Shields        | 5 7 9 10 | 10.0

Action                     |  1- 3 |  4- 6 |  7- 9 | 10-12 || total
---------------------------+-------+-------+-------+-------++-------
  Melee: Quarterstaff      |   136 |   234 |   361 |   607 ||  1338
Ability: Dig               |     2 |     1 |     1 |     2 ||     6
  Evoke: Wand              |       |       |       |     8 ||     8
    Use: Scroll            |       |     4 |    12 |     7 ||    23
         Potion            |       |     1 |     3 |     7 ||    11
   Stab: Confused          |       |       |     1 |     1 ||     2
         Paralysed         |       |       |     1 |       ||     1
 Armour: Scale mail        |    85 |    95 |    83 |   143 ||   406
         Plate armour      |       |       |       |    65 ||    65
         Skin              |       |       |       |     1 ||     1
  Dodge: Dodged            |    82 |   110 |   131 |   324 ||   647
  Block: Buckler           |    44 |    63 |    64 |   169 ||   340
